 Dungeon Sprint DCSS version 0.21-a0-59-g7b0e191 (webtiles) character file.

266 Kidiri the Covert (level 6, -25/32 HPs)
             Began as a Spriggan Enchanter on June 16, 2017.
             Was a Priest of Wu Jian.
             Killed from afar by a deep elf mage (33 damage)
             ... with a bolt of fire
             ... in the Dungeon (Sprint VII: "The Pits").
             The game lasted 00:05:02 (435 turns).

Kidiri the Covert (Spriggan Enchanter)               Turns: 435, Time: 00:05:03

Health: -25/32     AC:  2    Str:  4    XL:     6   Next: 0%
Magic:  1/16       EV: 25    Int: 16    God:    Wu Jian [***...]
Gold:   0          SH:  0    Dex: 19    Spells: 6/18 levels left

rFire    . . .     SeeInvis +   a - +0 dagger (elec)
rCold    . . .     Gourm    .   (shield restricted)
rNeg     . . .     Faith    .   b - +0 robe
rPois    .         Spirit   .   (helmet restricted)
rElec    .         Reflect  .   (no cloak)
rCorr    .         Harm     .   (gloves unavailable)
MR       +....     NoTele   +   (boots unavailable)
Stlth    ++++......             (no amulet)
HPRegen  0.10/turn              (no ring)
MPRegen  0.15/turn              (no ring)

@: berserk cooldown, slowed, quick
A: unfitting armour, see invisible, herbivore 3, speed 3, slow metabolism 2
a: Renounce Religion


You were in the Dungeon.
You worshipped Wu Jian.
Wu Jian was most pleased with you.
You were not hungry.

You visited 1 branch

Inventory:

Hand Weapons
 a - a +0 dagger of electrocution (weapon)
Armour
 b - a +0 robe (worn)
Scrolls
 j - a scroll of blinking
 l - 3 scrolls of remove curse
 m - 5 scrolls of amnesia
 n - a scroll of summoning
Potions
 e - 6 potions of curing
 f - 5 potions of heal wounds
 g - a potion of haste
 h - 4 potions of magic
 i - 2 potions of berserk rage
 k - 2 potions of invisibility
Books
 c - a book of Maledictions

   Spells                             Type                      Level
   a - Corona                         Hexes                        1
   b - Ensorcelled Hibernation        Hexes/Ice                    2
   c - Confuse                        Hexes                        3
   d - Tukima's Dance                 Hexes                        3
   e - Dazzling Spray                 Conjuration/Hexes            3
Comestibles
 d - 8 bread rations
 o - 40 fruits


   Skills:
 + Level 2.7 Fighting
 * Level 5.6 Short Blades
 + Level 2.7 Armour
 * Level 8.1 Dodging
 * Level 9.3 Stealth
 * Level 6.8 Spellcasting
 + Level 5.7 Hexes


You had 6 spell levels left.
You knew the following spells:

 Your Spells              Type           Power        Failure   Level  Hunger
a - Corona                Hex            ###....      1%          1    None
b - Ensorcelled Hibernat  Hex/Ice        ##....       6%          2    None
c - Confuse               Hex            ###.....     3%          3    ##.....
d - Tukima's Dance        Hex            ###.....     3%          3    ##.....
e - Dazzling Spray        Conj/Hex       ##....       12%         3    ##.....


Dungeon Overview and Level Annotations

Branches:
Dungeon (1/1)

Altars:
Ashenzari
Cheibriados
Dithmenos
Elyvilon
Fedhas
Gozag
Hepliaklqana
Kikubaaqudgha
Makhleb
Nemelex Xobeh
Okawaru
Qazlal
Ru
Sif Muna
Trog
Uskayaw
Vehumet
Wu Jian
Xom
Yredelemnul
Zin
The Shining One
Beogh
Jiyva
Lugonu


Innate Abilities, Weirdness & Mutations

You are very small and have problems with some larger weapons.
You are too small for most types of armour.
You have supernaturally acute eyesight. (SInv)
You are a herbivore.
You cover ground extremely quickly.
You need consume almost no food.


Message History

The deep elf mage is severely wounded.
The deep elf mage hits you but does no damage.
Really walk into that cloud of flame?
Okay, then.
You are too berserk!
You are too berserk!
Unknown command.
You feel your anger subside.
You are no longer berserk.
You are exhausted.
You feel yourself slow down.
You see here a goblin corpse.
Unknown command.
You spin to attack the fire elemental, but your attack speed is too slow for a blow to land.
The fire elemental completely misses you.
You see here a chunk of flesh.
The deep elf mage gestures at you while chanting.
The bolt of fire hits the fire elemental.
The fire elemental completely resists.
The bolt of fire hits you!
Ouch! That really hurt!
You die...

#...........+...........
#'#####+#####......#..#.
#.#..#..#..##...........
#g#..'..#))#####+#####++
#.#..####))##.......#
#r#..#..#))##.......#
#.#.†#..#[[##.......#
#.##'#..#+###...<...#
#.#.§§E@...##.......#
#.#.e§§....##.......#
#e###########.......#


#gg.gggg# ######### #.r.#rg.# #...# .# #.##. #.. #. #.. .. You could see a deep
elf mage and a fire elemental.

Vanquished Creatures
  2 floating eyes (D)
  A worker ant (D)
  A gnoll (D)
  A river rat (D)
  An adder zombie (D)
  A ball python (D)
  2 bats (D)
  A goblin (D)
  4 jackals (D)
  A ball python zombie (D)
15 creatures vanquished.

Notes
Turn   | Place    | Note
-------+----------+-------------------------------------------
     0 | D        | Kidiri the Spriggan Enchanter began the quest for the Orb.
     0 | D        | Reached XP level 1. HP: 9/9 MP: 5/5
    59 | D        | Found a bloodstained altar of Trog.
    59 | D        | Found a deep blue altar of Sif Muna.
    59 | D        | Found a viscous altar of Jiyva.
    59 | D        | Found a hazy altar of Hepliaklqana.
    59 | D        | Found an opulent altar of Gozag.
    60 | D        | Found a glowing golden altar of the Shining One.
    60 | D        | Found a glowing silver altar of Zin.
    60 | D        | Found a basalt altar of Yredelemnul.
    60 | D        | Found a shimmering altar of Xom.
    60 | D        | Found an ornate altar of the Wu Jian Council.
    60 | D        | Found a sacrificial altar of Ru.
    60 | D        | Found a stormy altar of Qazlal.
    60 | D        | Found an iron altar of Okawaru.
    60 | D        | Found a sparkling altar of Nemelex Xobeh.
    60 | D        | Found a burning altar of Makhleb.
    60 | D        | Found a blossoming altar of Fedhas.
    60 | D        | Found a white marble altar of Elyvilon.
    60 | D        | Found a shadowy altar of Dithmenos.
    60 | D        | Found a snail-covered altar of Cheibriados.
    62 | D        | Found a radiant altar of Vehumet.
    62 | D        | Found a corrupted altar of Lugonu.
    62 | D        | Found a roughly hewn altar of Beogh.
    63 | D        | Found a hide-covered altar of Uskayaw.
    63 | D        | Found an ancient bone altar of Kikubaaqudgha.
    63 | D        | Found a shattered altar of Ashenzari.
    69 | D        | Became a worshipper of the Wu Jian Council
    85 | D        | Noticed a floating eye
    90 | D        | Paralysed by a floating eye for 2 turns
    97 | D        | Killed a floating eye
    97 | D        | Reached skill level 1 in Armour
    97 | D        | Reached skill level 7 in Stealth
    97 | D        | Reached skill level 5 in Spellcasting
    97 | D        | Reached XP level 2. HP: 15/15 MP: 6/9
    97 | D        | Reached XP level 3. HP: 18/18 MP: 6/10
    97 | D        | Reached XP level 4. HP: 23/23 MP: 7/12
   101 | D        | Learned a level 2 spell: Ensorcelled Hibernation
   105 | D        | Learned a level 3 spell: Confuse
   109 | D        | Learned a level 3 spell: Tukima's Dance
   113 | D        | Learned a level 3 spell: Dazzling Spray
   149 | D        | Reached * piety under Wu Jian
   153 | D        | Noticed a floating eye
   185 | D        | Paralysed by a floating eye for 2 turns
   189 | D        | Killed a floating eye
   189 | D        | Reached skill level 5 in Short Blades
   189 | D        | Reached skill level 8 in Stealth
   189 | D        | Reached skill level 5 in Hexes
   189 | D        | Reached XP level 5. HP: 23/27 MP: 12/14
   227 | D        | Reached ** piety under Wu Jian
   240 | D        | Reached *** piety under Wu Jian
   254 | D        | Reached skill level 9 in Stealth
   321 | D        | Noticed a deep elf mage
   322 | D        | Noticed a flying skull
   342 | D        | Noticed a fire elemental
   410 | D        | Reached XP level 6. HP: 32/32 MP: 8/16
   423 | D        | Noticed a fire elemental
   435 | D        | Killed from afar by a deep elf mage

Vault maps used:
D:        pitsprint

Skill      XL: |  1  2  3  4  5 |
---------------+----------------+-----
Spellcasting   | 5 6 |  6.8
Fighting       | 2 |  2.7
Short Blades   | 4 5 |  5.6
Armour         | 1 2 |  2.7
Dodging        | 6 7 8 |  8.1
Stealth        | 7 8 9 |  9.3
Hexes          | 4 5 |  5.7

Action                   |  1- 3 |  4- 6 || total
-------------------------+-------+-------++-------
Melee: Dagger            |    11 |    63 ||    74
 Cast: Corona            |     1 |       ||     1
       Confuse           |       |     4 ||     4
       Dazzling Spray    |       |     5 ||     5
       Ensorcelled Hiber |       |     2 ||     2
  Use: Potion            |       |     2 ||     2
 Stab: Sleeping          |     1 |     2 ||     3
       Confused          |       |     1 ||     1
       Invisible         |       |     1 ||     1
Armor: Robe              |       |     3 ||     3
Dodge: Dodged            |     7 |    34 ||    41
